 Dungeon Crawl Stone Soup version 0.21.1-1-g345015fe64 (webtiles) character file.

3091 TimKlarigon the Soothsayer (level 9, 0/66 HPs)
             Began as a Demonspawn Monk on Apr 9, 2018.
             Was a Priest of Nemelex Xobeh.
             Slain by a troll (4 damage)
             ... on level 9 of the Dungeon.
             The game lasted 00:36:43 (7236 turns).

TimKlarigon the Soothsayer (Demonspawn Monk)        Turns: 7236, Time: 00:36:44

Health: 0/66       AC:  6    Str: 14    XL:     9   Next: 59%
Magic:  16/16      EV: 16    Int: 16    God:    Nemelex Xobeh [***...]
Gold:   186        SH:  0    Dex: 15    Spells: 8/8 levels left

rFire    . . .     SeeInvis .   C - +6 battleaxe (curse)
rCold    . . .     Gourm    .   (shield currently unavailable)
rNeg     . . .     Faith    +   a - +1 robe
rPois    .         Spirit   .   (no helmet)
rElec    .         Reflect  .   (no cloak)
rCorr    .         Harm     .   (no gloves)
MR       .....                  (no boots)
Stlth    ++........             u - amulet of faith
HPRegen  0.21/turn              s - +3 ring of intelligence
MPRegen  0.15/turn              y - +1 ring of protection

@: about to teleport, marked
A: claws 2, rugged brown scales 2, spiny 1
a: Triple Draw, Renounce Religion


You were on level 9 of the Dungeon.
You worshipped Nemelex Xobeh.
Nemelex Xobeh was most pleased with you.
You were not hungry.

You visited 1 branch of the dungeon, and saw 9 of its levels.

You collected 465 gold pieces.
You spent 279 gold pieces at shops.

Inventory:

Hand Weapons
 o - a +2 scythe of slicing
 p - a +0 glaive
 q - a +0 whip of electrocution
 A - a +4 falchion
 C - a cursed +6 battleaxe (weapon)
 D - a +3 long sword
 I - the +5 rapier of Ethej {flame, rElec rN+++ Str-4 Dex-4}
   (You bought it in a shop on level 8 of the Dungeon)

   It has been specially enchanted to burn those struck by it, causing extra
   injury to most foes and up to half again as much damage against particularly
   susceptible opponents.
   It affects your strength (-4).
   It affects your dexterity (-4).
   It insulates you from electricity.
   It renders you almost immune to negative energy.
 J - a cursed -2 halberd
Missiles
 e - 2 steel javelins (quivered)
 m - 20 bolts
 v - 13 tomahawks
 L - 4 poisoned tomahawks
Armour
 a - a +1 robe (worn)
 x - a +0 plate armour
 F - a +2 chain mail of fire resistance
 K - a +0 leather armour
Jewellery
 s - a +3 ring of intelligence (left claw)
 t - an uncursed amulet of magic regeneration
 u - an amulet of faith (around neck)
 y - a +1 ring of protection (right claw)
 H - a +6 ring of intelligence
Scrolls
 c - 5 scrolls of identify
 j - 2 scrolls of enchant armour
 k - 4 scrolls of teleportation
 r - 3 scrolls of remove curse
 z - a scroll of noise
 B - a scroll of amnesia
Potions
 i - a potion of might {unknown}
 l - a potion of resistance
 w - a potion of magic {unknown}
 G - 2 potions of curing
Books
 E - a book of Geomancy

   Spells                             Type                      Level
   a - Sandblast                      Earth                        1
   b - Passwall                       Transmutation/Earth          2
   c - Stone Arrow                    Conjuration/Earth            3
   d - Petrify                        Transmutation/Earth          4
   e - Lee's Rapid Deconstruction     Earth                        5
 M - a book of Maledictions

   Spells                             Type                      Level
   a - Corona                         Hexes                        1
   b - Ensorcelled Hibernation        Hexes/Ice                    2
   c - Confuse                        Hexes                        3
   d - Tukima's Dance                 Hexes                        3
   e - Dazzling Spray                 Conjuration/Hexes            3
Miscellaneous
 f - a plain deck of escape {drawn: 1}
 g - a plain deck of summoning {drawn: 8}
 h - a plain deck of destruction {drawn: 2}
 n - an ornate deck of destruction {drawn: 4}
Comestibles
 b - 14 rations
 d - 7 chunks of flesh


   Skills:
 - Level 3.0 Fighting
 + Level 3.7(4.1) Axes
 - Level 2.5(3.5) Polearms
 - Level 5.5 Throwing
 - Level 7.0 Dodging
 - Level 1.7 Stealth
 - Level 2.6 Unarmed Combat
 - Level 10.2 Invocations


You had 8 spell levels left.
You didn't know any spells.

Dungeon Overview and Level Annotations

Branches:
Dungeon (9/15)             Temple (0/1) D:6            Lair (0/6) D:9
    Orc: D:9-12

Altars:
Nemelex Xobeh
Okawaru
Sif Muna
Vehumet
Wu Jian
Xom
Zin
The Shining One

Shops:
D:8 ([([


Innate Abilities, Weirdness & Mutations

You have very sharp fingernails.
You are mostly covered in rugged brown scales. (AC +2, +5% HP)
You are partially covered in sharp spines.


Message History

You hear a loud, deep croak!
Found 11 gold pieces and a golden potion.
Found a staircase to the Lair.
As you read the scroll of teleportation, it crumbles to dust.
You feel strangely unstable. The crocodile misses you.
The ogre hits you but does no damage.
The orc moves out of view.
An orc and an orc priest come into view.
The crocodile is struck by your spines. The crocodile misses you.
The wolf completely misses you.
The orc moves out of view.
A bullfrog comes into view.
The orc priest mumbles some strange prayers to Beogh against you.
Beogh smites you!
* * * LOW HITPOINT WARNING * * *
Found a rapier and 22 bolts.
You draw a card...
It is the Tomb.
Walls emerge from the floor!
The wolf is struck by your spines. The wolf bites you!
* * * LOW HITPOINT WARNING * * *
The troll bites you.
You die...
Your body disappears without a glow.

.#.#######......
..........≈≈≈≈≈≈≈
o.≈.≈.≈..≈≈≈≈F≈≈.
.oo≈≈h.≈≈≈≈≈≈≈≈≈.
....≈≈.≈≈≈≈≈≈≈≈≈≈
...≈≈≈≈≈≈≈≈≈≈≈≈≈≈
..≈≈≈≈≈≈t≈≈..≈.≈≈
..≈≈≈≈≈#Ohh...≈≈≈
......T@hh..>..≈≈
..≈≈≈≈##hhh...≈≈≈
.....≈≈≈≈...≈..≈≈
..≈≈≈≈≈≈≈≈≈..≈≈≈≈
...≈≈≈≈≈≈≈≈≈≈≈≈≈≈
.....≈≈..≈≈.≈≈≈..
).......!$....≈..
.............(.


You could see a troll, a crocodile, an ogre, 5 wolves, a bullfrog, 3 hounds, an
orc priest and 2 orcs.

Vanquished Creatures
  Grinder (D:6)
  Sigmund (D:5)
  A naga (D:8)
  A swamp drake (D:8)
  An ice beast (D:7)
  2 ogres
  2 centaurs
  A bullfrog (D:8)
  A scorpion (D:5)
  4 killer bees (D:6)
  2 howler monkeys (D:7)
  A crimson imp (D:5)
  3 bullfrog zombies
  2 jellies (D:5)
  A centaur skeleton (D:4)
  3 orc priests
  4 hounds
  3 bullfrog skeletons
  2 orc wizards
  6 worker ants
  A killer bee zombie (D:6)
  A hound zombie (D:5)
  2 worker ant zombies
  A howler monkey zombie (D:6)
  7 adders
  4 gnolls
  2 worms (D:3)
  3 dart slugs (D:1)
  4 leopard geckos
  11 orcs
  3 bats
  8 giant cockroaches
  7 goblins
  7 hobgoblins
  5 jackals
  3 kobolds
  4 quokkas
  2 ball pythons (D:3)
  3 frilled lizards
  A leopard gecko skeleton (D:6)
  A quokka skeleton (D:8)
  A rat (D:1)
123 creatures vanquished.

Vanquished Creatures (collateral kills)
  The ghost of Peloso the Carver, a novice MiFi of Okawaru (D:7)
  A hornet (D:8)
  Menkaure (D:6)
  An orc warrior (D:7)
  A centaur (D:6)
  2 killer bees (D:6)
  3 wights (D:7)
  A crimson imp (D:7)
  2 iguanas
  An adder (D:6)
  2 gnolls (D:8)
  3 orcs
  A leopard gecko skeleton (D:8)
20 creatures vanquished.

Vanquished Creatures (others)
  A scorpion (D:7)
1 creature vanquished.

Grand Total: 144 creatures vanquished

Notes
Turn   | Place    | Note
-------+----------+-------------------------------------------
     0 | D:1      | TimKlarigon the Demonspawn Monk began the quest for the Orb.
     0 | D:1      | Reached XP level 1. HP: 18/18 MP: 1/1
   318 | D:2      | Gained mutation: You are partially covered in rugged brown scales. (AC +1, +3% HP) [demonic ancestry]
   318 | D:2      | Reached XP level 2. HP: 14/24 MP: 2/2
  1123 | D:2      | Gained mutation: You are partially covered in sharp spines. [demonic ancestry]
  1123 | D:2      | Reached XP level 3. HP: 17/29 MP: 3/3
  1150 | D:2      | Found an ornate altar of the Wu Jian Council.
  2198 | D:3      | Found a glowing golden altar of the Shining One.
  2375 | D:3      | Gained mutation: You have sharp fingernails. [demonic ancestry]
  2375 | D:3      | Reached XP level 4. HP: 36/36 MP: 4/4
  2482 | D:4      | Reached skill level 5 in Dodging
  2507 | D:4      | Gained mutation: You have very sharp fingernails. [demonic ancestry]
  2507 | D:4      | Reached XP level 5. HP: 34/42 MP: 5/5
  2962 | D:4      | Reached XP level 6. HP: 46/48 MP: 6/6
  3062 | D:5      | Entered Level 5 of the Dungeon
  3065 | D:5      | Noticed Sigmund
  3408 | D:5      | Reached skill level 1 in Throwing
  3446 | D:5      | Found a deep blue altar of Sif Muna.
  3523 | D:5      | Gained mutation: You are mostly covered in rugged brown scales. (AC +2, +5% HP) [demonic ancestry]
  3523 | D:5      | Reached XP level 7. HP: 46/54 MP: 7/7
  3610 | D:6      | Found an iron altar of Okawaru.
  3624 | D:6      | Noticed Menkaure
  4368 | D:6      | Found a shimmering altar of Xom.
  4368 | D:6      | Found a radiant altar of Vehumet.
  5073 | D:7      | Reached skill level 5 in Throwing
  5103 | D:7      | Found a sparkling altar of Nemelex Xobeh.
  5109 | D:7      | Became a worshipper of Nemelex Xobeh the Trickster
  5109 | D:7      | Received a gift from Nemelex Xobeh
  5109 | D:7      | Received a gift from Nemelex Xobeh
  5109 | D:7      | Reached * piety under Nemelex Xobeh
  5109 | D:7      | Reached ** piety under Nemelex Xobeh
  5109 | D:7      | Received a gift from Nemelex Xobeh
  5171 | D:7      | Reached XP level 8. HP: 45/60 MP: 8/8
  5174 | D:7      | Noticed Peloso's ghost (novice MiFi)
  5187 | D:7      | Killed Peloso's ghost
  5187 | D:7      | Reached skill level 5 in Invocations
  5434 | D:7      | Reached skill level 6 in Invocations
  5598 | D:8      | Received a gift from Nemelex Xobeh
  5719 | D:6      | Killed Menkaure
  5719 | D:6      | Reached skill level 7 in Invocations
  5729 | D:6      | Found a staircase to the Ecumenical Temple.
  5817 | D:6      | Noticed Grinder
  5904 | D:6      | Found a glowing silver altar of Zin.
  5951 | D:6      | Reached skill level 8 in Invocations
  6007 | D:6      | Killed Grinder
  6007 | D:6      | Reached skill level 9 in Invocations
  6007 | D:6      | Reached XP level 9. HP: 53/66 MP: 14/16
  6235 | D:5      | Killed Sigmund
  6235 | D:5      | Reached skill level 10 in Invocations
  6288 | D:5      | Reached *** piety under Nemelex Xobeh
  6459 | D:5      | Received a gift from Nemelex Xobeh
  6618 | D:7      | Reached skill level 1 in Polearms
  6780 | D:8      | Found Ixishrak's Antique Weapon Boutique.
  6800 | D:8      | Found Naewn's Armour Emporium.
  6852 | D:8      | Reached skill level 1 in Axes
  6867 | D:8      | Found Yxaenga's Antique Armour Emporium.
  6880 | D:8      | Found Utzeuc's Antique Weapon Emporium.
  6999 | D:8      | Bought an ichor-stained rapier for 279 gold pieces
  6999 | D:8      | Identified the +5 rapier of Ethej {flame, rElec rN+++ Str-4 Dex-4} (You bought it in a shop on level 8 of the Dungeon)
  7232 | D:9      | Found a staircase to the Lair.
  7232 | D:9      | Noticed a troll
  7236 | D:9      | Slain by a troll

Skill      XL: |  1  2  3  4  5  6  7  8  9 |
---------------+----------------------------+-----
Dodging        | 3 4 5 6 7 |  7.0
Throwing       | 1 5 |  5.5
Invocations    | 9 10 | 10.2
Polearms       | 2 |  2.5
Axes           | 3 |  3.7
Fighting       | |  3.0
Stealth        | |  1.7
Unarmed Combat | |  2.6

Action                   |  1- 3 |  4- 6 |  7- 9 || total
-------------------------+-------+-------+-------++-------
Melee: Unarmed           |   120 |    90 |    32 ||   242
       Dagger            |    16 |       |       ||    16
       Punch             |       |     2 |     1 ||     3
       Hand axe          |       |       |   101 ||   101
       Battleaxe         |       |       |    23 ||    23
       Scythe            |       |       |    10 ||    10
Throw: Javelin           |     4 |     4 |     8 ||    16
       Tomahawk          |       |     6 |     4 ||    10
Evoke: Deck              |       |       |    24 ||    24
  Use: Scroll            |     1 |       |    12 ||    13
       Potion            |       |     2 |     3 ||     5
 Stab: Sleeping          |     2 |     3 |     1 ||     6
  Eat: Chunk             |     5 |     3 |    12 ||    20
Armor: Robe              |    34 |    17 |    42 ||    93
       Skin              |       |       |     5 ||     5
Dodge: Dodged            |   103 |    63 |   186 ||   352
